 Dungeon Crawl Stone Soup version 0.28-a0-1152-g9c71ebef14 (webtiles) character file.

Game seed: 10440225200074096960

540 hazymike the Skirmisher (level 7, -1/75 HPs)
             Began as an Ogre Fighter on Dec 14, 2021.
             Was an Initiate of the Shining One.
             Slain by an orc (3 damage)
             ... on level 5 of the Dungeon.
             The game lasted 00:33:16 (6595 turns).

hazymike the Skirmisher (Ogre Fighter)              Turns: 6595, Time: 00:33:17

Health: -1/75      AC:  4    Str: 18 (21) XL:     7   Next: 26%
Magic:  7/7        EV:  8    Int:  9 (11) God:    the Shining One [......]
Gold:   106        SH:  6    Dex:  5 (8)  Spells: 6/6 levels left

rFire   . . .      SeeInvis .   a - +1 whip (freeze)
rCold   . . .      Faith    .   c - +0 kite shield
rNeg    . . .      Spirit   .   b - +1 robe
rPois   .          Reflect  .   (helmet restricted)
rElec   .          Harm     .   (no cloak)
rCorr   .          Rampage  .   (gloves unavailable)
Will    .....                   (boots unavailable)
Stlth   +.........              (no amulet)
HPRegen 0.22/turn               p - ring of flight
MPRegen 0.10/turn               (no ring)

@: flying, glowing
A: large, unfitting armour, tough skin 1
a: Renounce Religion


You were on level 5 of the Dungeon.
You worshipped the Shining One.
The Shining One was noncommittal.
You visited 2 branches of the dungeon, and saw 6 of its levels.

You collected 106 gold pieces.

Inventory:

Hand Weapons
 a - a +1 whip of freezing (weapon)
Missiles
 h - 47 stones
 o - 2 boomerangs (quivered)
Armour
 b - a +1 robe (worn)
 c - a +0 kite shield (worn)
Jewellery
 p - a ring of flight (left hand)
Wands
 t - a wand of paralysis (11)
Scrolls
 f - a scroll of enchant armour
 j - a scroll of magic mapping
 k - 2 scrolls of identify
 n - 2 scrolls of fog
Potions
 d - a potion of might
 e - 2 potions of resistance
 m - 2 potions of curing
 q - a potion of magic {unknown}
 r - a potion of attraction {unknown}


   Skills:
 + Level 6.2 Fighting
 * Level 5.0 Maces & Flails
 + Level 4.2 Dodging
 - Level 2.6 Shields
 + Level 1.0 Invocations


You had 6 spell levels left.
You didn't know any spells.
Your spell library contained the following spells:

 Spells                   Type           Power      Damage    Failure   Level
 Summon Small Mammal      Summ           0%         N/A       85%         1
 Call Canine Familiar     Summ           0%         N/A       99%         3
 Summon Guardian Golem    Hex/Summ       0%         N/A       99%         3


Dungeon Overview and Level Annotations

Branches:
Dungeon (5/15)             Temple (1/1) D:4

Altars:
Dithmenos
Elyvilon
Fedhas
Gozag
Hepliaklqana
Kikubaaqudgha
Ru
Sif Muna
Trog
Uskayaw
Vehumet
Wu Jian
The Shining One

Shops:
D:2 *

Annotations:
D:2 Sigmund


Innate Abilities, Weirdness & Mutations

You are too large for most types of armour.
You have tough skin. (AC +1)


Message History

You hear a loud clanging noise!
It was a scroll of noise.
The orc barely misses you. The orc closely misses you.
You block the orc's attack.
You feel better. You block the orc's attack. The orc closely misses you.
The orc barely misses you.
It was a potion of ambrosia.
You are confused.
You feel invigorated. The orc closely misses you. The orc misses you.
The orc hits you with a +0 hand axe.
* * * LOW HITPOINT WARNING * * *
You bump into the rock wall.
The orc hits you with a +0 morningstar!
* * * LOW HITPOINT WARNING * * *
The orc hits you with a +0 hand axe.
* * * LOW HITPOINT WARNING * * *
The orc wizard mumbles some strange words.
The orc wizard flickers and vanishes!
The orc hits you with a +0 hand axe.
* * * LOW HITPOINT WARNING * * *
You bump into the rock wall.
The orc hits you with a +0 morningstar!
* * * LOW HITPOINT WARNING * * *
The orc closely misses you. The orc hits you with a +0 hand axe.
* * * LOW HITPOINT WARNING * * *
Unknown command.
You hit the orc but do no damage.
The orc is moderately wounded.
The orc closely misses you. The orc hits you but does no damage.
The orc hits you with a +0 hand axe.
* * * LOW HITPOINT WARNING * * *
Unknown command.
You hit the orc. You freeze the orc.
The orc is almost dead.
You feel less invigorated.
You feel less confused. The orc hits you with a +0 morningstar.
* * * LOW HITPOINT WARNING * * *
The orc closely misses you. You block the orc's attack.
It was a potion of degeneration.
There was something very wrong with that liquid.
You feel weakened.
You feel dopey.
You feel clumsy.
You block the orc's attack. x2; The orc hits you with a +0 hand axe.
You die...

........#....#,,,,,,,,*,,,,,,,,,,
........'....#,,,,,,,,*,,,,,,,,,,
........#....#,,,,,,,,*,,,,,,,,,*
........#....#,,,,,,,,*,,,,,,,,,*
........#+##.#,,,,,,,,***,**,,,,*
....#####.##.#####,,,,,,*******+*
....#........>§§{#,,,,,,*,,,,,,,,
...,#.........§oo#,,,,,,*,,,,,,,,
..*,#)...)...§{o@#,,,,,,+,,,,,,,*
..._.)############**,,,**,,,,,,,*
..#.#..,,,,,,,,,,**,,,,,**,,,,,,*
,.......,,,,,,,,,*,,,,,,,*,,,,,,,
.........,,,,,,,**,,,,,,,**,,,,,,
..........,,,,,,*,,,,,,,,,*,,,,,,
...........,,,,,*,,,,,,,,,*******
.....##+###.,,,*****,,,,,,,*,,,,,
,,,,,*,,,,*,,,,*⌠,,****,,,,*,,,,,


You could see 3 orcs.

Vanquished Creatures
  A scorpion (D:4)
  A centaur zombie (D:4)
  2 hounds
  2 jellies
  2 orc priests
  A centaur skeleton (D:5)
  Jessica (D:2)
  Ijyb (D:4)
  Natasha (twice) (D:2)
  An orc wizard (D:3)
  4 adders
  A worm (D:2)
  3 dart slugs
  10 orcs
  9 bats
  5 endoplasms
  A giant cockroach (D:1)
  3 goblins
  8 hobgoblins
  2 quokkas (D:1)
  8 ball pythons
  9 kobolds
  A quokka skeleton (D:2)
  4 rats
82 creatures vanquished.

Vanquished Creatures (others)
  17 plants (D:4)
17 creatures vanquished.

Grand Total: 99 creatures vanquished

Notes
Turn   | Place    | Note
-------+----------+-------------------------------------------
     0 | D:1      | hazymike the Ogre Fighter began the quest for the Orb.
     0 | D:1      | Reached XP level 1. HP: 24/24 MP: 1/1
   197 | D:1      | Reached XP level 2. HP: 16/32 MP: 2/2
   520 | D:1      | You fall into a shaft and drop 1 floor!
   871 | D:1      | Found a faded altar of an unknown god.
   909 | D:1      | Reached XP level 3. HP: 40/40 MP: 3/3
  1297 | D:2      | Found Saxzoig's General Store.
  1702 | D:2      | Noticed Jessica
  1929 | D:2      | Killed Jessica
  1930 | D:2      | Reached XP level 4. HP: 29/49 MP: 4/4
  2259 | D:2      | Noticed Natasha
  2276 | D:2      | Killed Natasha
  2507 | D:2      | Reached skill level 5 in Fighting
  2589 | D:2      | Noticed Sigmund
  2707 | D:2      | Reached XP level 5. HP: 57/57 MP: 5/5
  2761 | D:2      | Noticed Natasha
  2783 | D:2      | Killed Natasha
  3435 | D:3      | Found a hide-covered altar of Uskayaw.
  3895 | D:3      | Reached XP level 6. HP: 50/64 MP: 6/6
  4002 | D:3      | Found an opulent altar of Gozag.
  4002 | D:3      | Found a shimmering blue altar of Sif Muna.
  4299 | D:4      | Noticed Ijyb
  4975 | D:4      | Killed Ijyb
  5326 | D:4      | Reached skill level 6 in Fighting
  5493 | D:4      | Found a staircase to the Ecumenical Temple.
  5502 | Temple   | Entered the Ecumenical Temple
  5627 | Temple   | Became a worshipper of the Shining One
  5740 | D:5      | Entered Level 5 of the Dungeon
  5760 | D:5      | Reached XP level 7. HP: 70/75 MP: 7/7
  6144 | D:5      | The Shining One protects you from harm!
  6514 | D:5      | Reached skill level 5 in Maces & Flails
  6527 | D:5      | Found an ancient bone altar of Kikubaaqudgha.
  6572 | D:5      | Reached skill level 1 in Invocations
  6592 | D:5      | HP: 1/75 [orc (5)]
  6595 | D:5      | Slain by an orc

Illustrated notes

Levels and vault maps discovered:
D:1:      co_arrival_random_square_maze, layout_basic, basic_ecumenical_altar
D:2:      kennysheep_big_flooded_room, layout_basic, serial_glass,
          glass_columns_c, glass_columns_b, glass_columns_a, glass_columns_c,
          glass_columns_a, glass_columns_a, glass_columns_a, glass_columns_c,
          serial_shops, shop, uniq_jessica, uniq_sigmund, uniq_natasha
D:3:      layout_loops_ring, mainiacjoe_overflow_small_starburst,
          gammafunk_temple_overflow_wave, kennysheep_cluttered_room,
          minmay_misc_feat_encased, grunt_ministairs_1, minmay_misc_feat_tiny
D:4:      layout_rooms, minmay_temple_entry_poolview, serial_bayou,
          serial_bayou_lagoon_a, serial_bayou_pond_e, serial_bayou_lagoon_b,
          serial_bayou_pond_c, uniq_ijyb
D:5:      kennysheep_spiral_hall, layout_gridville, lemuel_crystal_altar,
          lemuel_crystal_altar, lemuel_mausoleum_altar_yredelemnul,
          lemuel_crystal_altar
Temple:   nicolae_temple_figure_zero

Skill      XL: |  1  2  3  4  5  6  7 |
---------------+----------------------+-----
Maces & Flails | 2 3 4 5 |  5.0
Dodging        | 3 4 |  4.2
Fighting       | 5 6 |  6.2
Invocations    | 1 |  1.0
Shields        | |  2.6

Action                   |  1- 3 |  4- 6 |  7- 9 || total
-------------------------+-------+-------+-------++-------
Melee: Flail             |    88 |       |       ||    88
       Whip              |    17 |   172 |    48 ||   237
       Unarmed           |       |     3 |       ||     3
Throw: Boomerang         |     9 |    17 |    14 ||    40
       Stone             |    53 |    32 |       ||    85
  Use: Scroll            |       |       |     6 ||     6
       Potion            |       |       |     4 ||     4
Armor: Robe              |    31 |    36 |    15 ||    82
Dodge: Dodged            |    23 |    53 |    30 ||   106
Block: Kite shield       |    50 |    49 |    36 ||   135

Table legend: (Time is in decaauts)
 A = Elapsed time spent in this place.
 B = Non-inter-level travel time spent in this place.
 C = Inter-level travel time spent in this place.
 D = Time resting spent in this place.
 E = Time spent auto-exploring this place.
 F = Levels seen in this place.
 G = Mean time per level.
                   A        B        C        D        E       F      G
               +--------+--------+--------+--------+--------+-----+--------+
         Total |   6728 |   6345 |    383 |   2517 |   2622 |   6 | 1121.3 |
       Dungeon |   6590 |   6218 |    372 |   2517 |   2510 |   5 | 1318.0 |
        Temple |    137 |    126 |     11 |      0 |    112 |   1 |  137.0 |
               +--------+--------+--------+--------+--------+-----+--------+

Top non-repeatable levels by time:
     D:2: 1760 daAuts
     D:3: 1699 daAuts
     D:1: 1445 daAuts
     D:4: 1428 daAuts
     D:5: 257 daAuts
  Temple: 137 daAuts
